 Dungeon Crawl Stone Soup version 0.29.1-15-g9cfb28693d (webtiles) character file.

Game seed: 12295062793439838432

1827 Eitelfritz the Grappler (level 8, -3/75 HPs)
             Began as a Troll Fighter on Mar 25, 2023.
             Was an Initiate of Dithmenos.
             Slain by a wyvern (10 damage)
             ... on level 6 of the Dungeon.
             The game lasted 00:10:29 (4399 turns).

Eitelfritz the Grappler (Troll Fighter)             Turns: 4399, Time: 00:10:30

Health: -3/75      AC:  5    Str: 25    XL:     8   Next: 86%
Magic:  7/7        EV:  9    Int:  8    God:    Dithmenos [......]
Gold:   255        SH:  9    Dex:  9    Spells: 7/7 levels left

rFire   . . .      SeeInvis .     - Unarmed
rCold   . . .      Faith    .   r - +1 kite shield
rNeg    . . .      Spirit   .   p - +1 robe "Trusted Companion" {Int+2}
rPois   +          Reflect  .   (helmet restricted)
rElec   .          Harm     .   (no cloak)
rCorr   .          Rampage  .   (gloves unavailable)
Will    +....                   (boots unavailable)
Stlth   ++........              s - amulet of the acrobat
HPRegen 1.02/turn               u - ring of willpower
MPRegen 0.10/turn               g - ring of poison resistance

@: no status effects
A: large, unfitting armour, claws 3, regeneration 1, shaggy fur 1, tough skin 1
a: Renounce Religion


You were on level 6 of the Dungeon.
You worshipped Dithmenos.
Dithmenos was noncommittal.
You visited 2 branches of the dungeon, and saw 7 of its levels.

You collected 255 gold pieces.

Inventory:

Hand Weapons
 a - a +1 sling
 b - a +0 flail
Missiles
 l - 6 poisoned darts
 m - 4 javelins (quivered)
Armour
 p - the +1 robe "Trusted Companion" (worn) {Int+2}
   (You found it on level 2 of the Dungeon)

   Int:       It affects your intelligence (+2).
 r - a +1 kite shield (worn)
 v - a +0 robe
Jewellery
 g - a ring of poison resistance (right claw)
 k - a ring of see invisible
 s - an amulet of the acrobat (around neck)
 u - a ring of willpower (left claw)
Wands
 w - a wand of polymorph (8)
Scrolls
 d - 3 scrolls of butterflies
 f - 2 scrolls of teleportation
 y - a scroll of enchant armour
 A - 2 scrolls of poison
 D - a scroll of silence {unknown}
Potions
 c - 4 potions of might
 e - a potion of haste {unknown}
 h - a potion of brilliance {unknown}
 i - 4 potions of mutation
 j - 2 potions of berserk rage
 n - a potion of magic {unknown}
 o - 2 potions of degeneration {unknown}
 q - 2 potions of attraction {unknown}
 t - 3 potions of heal wounds
 x - 2 potions of curing {unknown}
 z - a potion of resistance {unknown}
 C - a potion of lignification {unknown}


   Skills:
 + Level 3.3 Fighting
 + Level 0.8 Ranged Weapons
 + Level 4.8 Dodging
 + Level 1.8 Stealth
 + Level 5.1 Shields
 + Level 8.0 Unarmed Combat


You had 7 spell levels left.
You didn't know any spells.
Your spell library contained the following spells:

 Spells                   Type           Power      Damage    Failure   Level
 Blink                    Tloc           0%         N/A       82%         2
 Static Discharge         Conj/Air       0%         3-3/arc   82%         2
 Dispel Undead            Necr           0%         3d6       100%        4
 Sticky Flame             Conj/Fire      0%         2d3       100%        4
 Manifold Assault         Tloc           0%         N/A       100%        5
 Dispersal                Tloc           0%         N/A       100%        6
 Storm Form               Tmut/Air       0%         N/A       100%        7
 Disjunction              Tloc           0%         N/A       100%        8


Dungeon Overview and Level Annotations

Branches:
Dungeon (6/15)             Temple (1/1) D:4

Altars:
Ashenzari
Cheibriados
Dithmenos
Elyvilon
Fedhas
Gozag
Hepliaklqana
Makhleb
Nemelex Xobeh
Okawaru
Qazlal
Ru
Sif Muna
Trog
Uskayaw
Vehumet
Wu Jian
Xom
Yredelemnul
Zin
The Shining One
Lugonu

Portals:
Abyss: D:4


Innate Abilities, Weirdness & Mutations

You are too large for most types of armour.
You have claws for hands.
Your natural rate of healing is unusually fast.
You are covered in fur. (AC +1)
You have tough skin. (AC +1)


Message History

The acid dragon is severely wounded.
The acid dragon spits acid at you. The splash of acid hits you!
The acid corrodes you!
You claw the acid dragon!
You kill the acid dragon!
Dithmenos accepts your kill.
Your Unarmed Combat skill increases to level 8!
You are no longer corroded.
HP restored.
There is a stone staircase leading up, spattered with blood here.
Found a club.
An adder comes into view.
You mangle the adder!!
You kill the adder!
Dithmenos accepts your kill.
y - a scroll of enchant armour
Found a stone staircase leading down.
A wyvern comes into view.
Found a stone staircase leading up.
The wyvern hisses angrily.
The wyvern completely misses you. The wyvern misses you.
You scratch the wyvern.
The wyvern is lightly wounded.
The wyvern bites you!
You claw the wyvern!
The wyvern is moderately wounded.
The wyvern bites you! You block the wyvern's attack.
You claw the wyvern!
The wyvern is severely wounded.
The wyvern bites you!
You barely miss the wyvern.
The wyvern is severely wounded.
The wyvern bites you!!
* * * LOW HITPOINT WARNING * * *
You scratch the wyvern.
The wyvern is almost dead.
The wyvern bites you!
* * * LOW HITPOINT WARNING * * *
The wyvern bites you!
You die...

....######........##
#...# #........# #
#...#####........## .
#.....##.......... #.
#.###..#.#........
#.##.# ##............
#....##..........)...
###.....#............
#.@.#..............
#.l.#..............
#.....#####........
#....## #........
#<.... ..#......
......# ..##......
.##..#. .. ....#


You could see a wyvern.

Vanquished Creatures
  Pikel (D:5)
  Grinder (D:3)
  Menkaure (D:4)
  An acid dragon (D:6)
  A black bear (D:4)
  An ice beast (D:5)
  2 ogres
  2 lemures (D:5)
  3 scorpions
  2 hounds (D:4)
  Natasha (thrice) (D:2)
  4 iguanas
  An orc wizard (D:3)
  6 adders
  A shadow imp (D:5)
  3 dart slugs
  7 orcs
  9 ball pythons
  5 bats
  11 endoplasms
  4 giant cockroaches
  7 goblins
  13 hobgoblins
  3 jackals (D:1)
  10 kobolds
  3 quokkas
  4 frilled lizards
  8 rats
117 creatures vanquished.

Vanquished Creatures (others)
  3 plants (D:2)
3 creatures vanquished.

Grand Total: 120 creatures vanquished

Notes
Turn   | Place    | Note
-------+----------+-------------------------------------------
     0 | D:1      | Eitelfritz the Troll Fighter began the quest for the Orb.
     0 | D:1      | Reached XP level 1. HP: 22/22 MP: 0/0
   263 | D:1      | Reached XP level 2. HP: 29/29 MP: 1/1
   432 | D:1      | Found a faded altar of an unknown god.
   659 | D:2      | Reached XP level 3. HP: 35/36 MP: 2/2
   697 | D:2      | Identified the +1 robe "Trusted Companion" {Int+2}
  1089 | D:3      | Noticed Natasha
  1098 | D:2      | Killed Natasha
  1099 | D:2      | Reached XP level 4. HP: 44/44 MP: 3/3
  1147 | D:2      | Noticed Natasha
  1157 | D:2      | Killed Natasha
  1158 | D:2      | Reached skill level 3 in Unarmed Combat
  1373 | D:3      | Reached XP level 5. HP: 44/52 MP: 4/4
  1467 | D:3      | Noticed Grinder
  1477 | D:3      | Paralysed by Grinder for 2 turns
  1495 | D:3      | Paralysed by Grinder for 2 turns
  1505 | D:3      | Killed Grinder
  1506 | D:3      | Reached skill level 4 in Unarmed Combat
  1506 | D:3      | Reached XP level 6. HP: 59/59 MP: 5/5
  1840 | D:3      | Identified the +6 long sword of the Genius {vorpal, +Blink
                  | rElec rPois rN++}
  2005 | D:4      | Found a large runed translucent door.
  2005 | D:4      | Found a large runed translucent door.
  2042 | D:4      | Reached skill level 5 in Unarmed Combat
  2086 | D:4      | Found a corrupted altar of Lugonu.
  2106 | D:4      | Reached XP level 7. HP: 63/67 MP: 6/6
  2195 | D:4      | Noticed Menkaure
  2201 | D:4      | Killed Menkaure
  2255 | D:4      | Reached skill level 6 in Unarmed Combat
  2338 | D:4      | Found a staircase to the Ecumenical Temple.
  2552 | D:4      | Found a shadowy altar of Dithmenos.
  2657 | D:4      | Found a one-way gate to the infinite horrors of the Abyss.
  2760 | D:4      | Reached skill level 1 in Stealth
  2829 | Temple   | Entered the Ecumenical Temple
  2952 | D:5      | Entered Level 5 of the Dungeon
  3463 | D:5      | Found a sparkling altar of Nemelex Xobeh.
  3463 | D:5      | Found a glowing golden altar of the Shining One.
  3463 | D:5      | Found a sacrificial altar of Ru.
  3463 | D:5      | Found a bloodstained altar of Trog.
  3464 | D:5      | Found a snail-covered altar of Cheibriados.
  3464 | D:5      | Found a radiant altar of Vehumet.
  3465 | D:5      | Found an iron altar of Okawaru.
  3465 | D:5      | Found a hazy altar of Hepliaklqana.
  3465 | D:5      | Found a glowing silver altar of Zin.
  3514 | D:5      | Reached XP level 8. HP: 75/75 MP: 7/7
  4018 | D:2      | Noticed Natasha
  4025 | D:2      | Killed Natasha
  4094 | D:4      | Became a worshipper of Dithmenos the Shadowed
  4178 | D:6      | Noticed Pikel
  4197 | D:5      | Reached skill level 7 in Unarmed Combat
  4263 | D:5      | Killed Pikel
  4264 | D:5      | Reached skill level 5 in Shields
  4324 | D:6      | Reached skill level 8 in Unarmed Combat
  4399 | D:6      | Slain by a wyvern

Illustrated notes

Levels and vault maps discovered:
D:1:      amcnicky_arrival_underground_garden, layout_loops_ring,
          hellmonk_ecumenical_altar_inner_sanctum
D:2:      layout_rooms, minmay_curled_crystal, chequers_garden,
          serial_bayou_pond_a, grunt_ministairs_7
D:3:      layout_loops_cross, minmay_parallelograms, mrwooster_statue_mirror,
          palyth_stone_intersect, uniq_grinder, uniq_natasha
D:4:      due_chaos_kobolds, layout_rooms, mainiacjoe_overflow_paths,
          minmay_temple_entry_enclosed_plants,
          minmay_fractal_squares_diagonal_5, uniq_menkaure
D:5:      layout_layer_cave, nicolae_overflows_in_rows, glass_columns_c
D:6:      layout_rooms, uniq_pikel
Temple:   jpeg_temple_clearing

Skill      XL: |  1  2  3  4  5  6  7  8 |
---------------+-------------------------+-----
Shields        | 3 4 5 |  5.1
Unarmed Combat | 3 4 5 6 8 |  8.0
Dodging        | 3 4 |  4.8
Fighting       | 3 |  3.3
Stealth        | 1 |  1.8
Ranged Weapons | |  0.8

Action                   |  1- 3 |  4- 6 |  7- 9 || total
-------------------------+-------+-------+-------++-------
Melee: Unarmed           |    78 |   117 |   140 ||   335
 Fire: Sling             |       |       |     2 ||     2
  Use: Scroll            |       |     8 |     3 ||    11
 Stab: Distracted        |       |     1 |     1 ||     2
       Sleeping          |       |       |     1 ||     1
Armor: Robe              |    26 |    39 |    23 ||    88
       Skin              |     1 |     3 |       ||     4
Dodge: Dodged            |    33 |    51 |    59 ||   143
Block: Kite shield       |    34 |    33 |    70 ||   137
